 Dungeon Crawl Stone Soup version 0.29.1-2-gbd0b4ee654 (webtiles) character file.

Game seed: 13845372460382370517

49 funnyparkerb the Sneak (level 3, -4/19 HPs)
             Began as a Vine Stalker Brigand on Nov 9, 2022.
             Killed by nerve-wracking pain
             ... invoked by Grinder
              (8 damage)
             ... on level 3 of the Dungeon.
             The game lasted 00:03:48 (2494 turns).

funnyparkerb the Sneak (Vine Stalker Brigand)       Turns: 2494, Time: 00:03:48

Health: -4/19      AC:  4    Str: 13    XL:     3   Next: 75%
Magic:  0/4        EV: 12    Int: 11    God:
Gold:   132        SH:  5    Dex: 23    Spells: 2/2 levels left

rFire   . . .      SeeInvis .   a - +2 dagger
rCold   + + .      Faith    .   (no shield)
rNeg    . . .      Spirit   +   r - +0 leather armour
rPois   .          Reflect  +   (no helmet)
rElec   .          Harm     .   c - +0 cloak
rCorr   .          Rampage  .   (no gloves)
Will    .....                   (no boots)
Stlth   +++.......              l - amulet of reflection
HPRegen 0.06/turn               n - ring of protection from cold
MPRegen 0.09/turn               t - +6 ring of dexterity

@: weak-willed, invisible
A: fangs 2, magic shield, antimagic bite, no potion heal 2, cold resistance 1
a: no special abilities


You were on level 3 of the Dungeon.
You visited 1 branch of the dungeon, and saw 3 of its levels.

You collected 132 gold pieces.

Inventory:

Hand Weapons
 a - a +2 dagger (weapon)
Missiles
 d - 3 poisoned darts (quivered)
Armour
 c - a +0 cloak (worn)
 r - a +0 leather armour (worn)
Jewellery
 l - an amulet of reflection (around neck)
 m - an amulet of the acrobat
 n - a ring of protection from cold (left hand)
 o - a ring of fire
 q - a +6 ring of intelligence
 t - a +6 ring of dexterity (right hand)
Scrolls
 h - 2 scrolls of teleportation
 p - 2 scrolls of identify {unknown}
 s - a scroll of amnesia {unknown}
Potions
 j - a potion of mutation


   Skills:
 + Level 2.3 Fighting
 * Level 2.7 Short Blades
 - Level 1.7 Throwing
 + Level 1.5 Dodging
 - Level 4.8 Stealth


You had 2 spell levels left.
You didn't know any spells.
Your spell library was empty.

Dungeon Overview and Level Annotations

Branches:
Dungeon (3/15)

Altars:
Gozag
Xom

Annotations:
D:3 Grinder


Innate Abilities, Weirdness & Mutations

You have extremely sharp teeth.
When hurt, damage is shared between your health and your magic reserves.
Your bite disrupts and absorbs the magic of your enemies.
Potions cannot restore your health.
Your flesh is cold resistant. (rC+)


Message History

You fade into invisibility!
Grinder blinks!
It was a potion of curing.
That felt strangely inert.
It was a potion of heal wounds.
That seemed strangely inert.
Your transformation is almost over.
Grinder gestures at you. You resist with significant effort.
Okay, then.
As you read the scroll labelled FAUCUOKHLIL, it crumbles to dust.
Magic quickly surges around you.
It was a scroll of vulnerability.
Grinder says, "Tell me all your secrets, or I'll kill you."
Okay, then.
As you read the scroll labelled QAGITIU YCOLEC, it crumbles to dust.
You feel a strange sense of stasis.
It was a scroll of teleportation.
Grinder gestures at you.
You suddenly lose the ability to move!
You can move again.
Grinder barely misses you.
You barely miss Grinder.
Grinder is lightly wounded.
You hit Grinder but do no damage.
Grinder is lightly wounded.
Grinder gestures at you.
You struggle to resist.
You catch the helpless Grinder completely off-guard!
You impale Grinder!!
Grinder is severely wounded.
Throw: 4 darts (poison)
Press: ? - help, Shift-Dir - straight line, f/p - Grinder
Aim: Grinder (severely wounded, unable to see you, weak-willed, 61% to hit)
You throw a poisoned dart. The poisoned dart hits Grinder.
Grinder is severely wounded.
You hit Grinder.
Grinder is almost dead.
You feel less wooden.
Your +0 cloak unmelds from your body.
Your +0 leather armour unmelds from your body.
Grinder gestures at you. Pain shoots through your body!
You die...

#.. #.....####... ##
#...#.....#)....# ...
...#.....#.....#
#≈≈~~~≈§..#######.......'.....'
#≈.§.~~≈.............##.#.....#
§§§.☼.~≈................#.....#
§≈§~Joo≈.#.........##.###.....#
.§≈~r.≈≈..(...##### #<..#.....#
§§§§.≈≈(((...5@...# #.#.###....
........((....###.# #..........
........#########'#####........
....####.............[......##.
. #............####....##.
#............# #....##.
#............# #.......
#............# #.......
#...............#.......


You could see Grinder (unable to see you, weak-willed).

Vanquished Creatures
  An adder (D:2)
  A dart slug (D:1)
  5 ball pythons
  3 endoplasms
  2 giant cockroaches (D:1)
  2 goblins (D:1)
  4 hobgoblins
  A jackal (D:2)
  2 kobolds (D:1)
  2 quokkas (D:2)
  5 bats
  A frilled lizard (D:2)
  4 rats
33 creatures vanquished.

Vanquished Creatures (others)
  An orc (D:3)
  A ball python (D:3)
  4 toadstools (D:1)
6 creatures vanquished.

Grand Total: 39 creatures vanquished

Notes
Turn   | Place    | Note
-------+----------+-------------------------------------------
     0 | D:1      | funnyparkerb the Vine Stalker Brigand began the quest for
                  | the Orb.
     0 | D:1      | Reached XP level 1. HP: 11/11 MP: 2/2
   105 | D:1      | Reached skill level 1 in Dodging
   180 | D:1      | Reached XP level 2. HP: 12/15 MP: 3/3
  1168 | D:2      | Reached XP level 3. HP: 18/18 MP: 4/4
  1885 | D:3      | Found a faded altar of an unknown god.
  1898 | D:3      | Found an opulent altar of Gozag.
  2002 | D:3      | Found a shimmering altar of Xom.
  2003 | D:3      | Noticed Grinder
  2467 | D:3      | Paralysed by Grinder for 5 turns
  2480 | D:3      | Gained mutation: You are weak. (Str -2) [potion of
                  | mutation]
  2480 | D:3      | Gained mutation: Your flesh is cold resistant. (rC+)
                  | [potion of mutation]
  2480 | D:3      | Lost mutation: You are weak. (Str -2) [potion of mutation]
  2485 | D:3      | Paralysed by Grinder for 3 turns
  2494 | D:3      | Killed from afar by Grinder

Illustrated notes

Levels and vault maps discovered:
D:1:      ldierk_walled_garden_2, layout_basic
D:2:      layout_loops_corners
D:3:      layout_basic, xom_confusion_cloud,
          nicolae_gozag_cash_rules_everything_around_me,
          ebering_ecumenical_altar_ruins, uniq_grinder

Skill      XL: |  1 |
---------------+----+-----
Dodging        | 1 |  1.5
Fighting       | 2 |  2.3
Short Blades   | 2 |  2.7
Throwing       | |  1.7
Stealth        | |  4.8

Action                   || total
-------------------------++-------
Melee: Dagger            ||    72
       Bite              ||    10
       Punch             ||     1
Throw: Dart              ||    18
  Use: Potion            ||     6
       Scroll            ||     2
 Stab: Sleeping          ||    11
       Invisible         ||     1
Armor: Robe              ||     6
       Leather armour    ||    23
       Skin              ||    13
Dodge: Dodged            ||    52
Block: Other             ||    27
